Map: Jagannatha LE

Players

SKillous

  • Race: Protoss Protoss

Hellraiser - Winner!

  • Race: Protoss Protoss

Event: DreamHack SC2 Masters 2021 Fall

VOD

Have the link to the VOD?

Description

Time

  • Played on: Aug. 11, 2021, 10:36 a.m.
  • Length: 9:08

All games in this series

Show
View Real Time Build Order
Export as new Build Order

SKillous Protoss 

Build Orders:  

Get SALT Encoding   

  12  0:00  Probe  
  13  0:12  Probe  
  14  0:17  Pylon  
  14  0:24  Probe (Chrono Boost)  
  15  0:36  Probe (Chrono Boost)  
  15  0:37  Gateway  
  16  0:45  Probe (Chrono Boost)  
  16  0:46  Assimilator  
  17  0:51  Probe  
  18  0:57  Assimilator  
  18  1:03  Probe (Chrono Boost)  
  19  1:09  Gateway  
  19  1:13  Probe (Chrono Boost)  
  20  1:18  Probe (Chrono Boost)  
  21  1:25  Cybernetics Core  
  21  1:30  Probe  
  22  1:37  Pylon  
  22  1:45  Probe  
  23  1:57  Probe  
  24  2:01  Stalker x2  
  24  2:05  Warp Gate  
  28  2:15  Pylon  
  28  2:24  Pylon  
  28  2:31  Stalker  
  28  2:35  Stalker  
  32  3:02  Nexus  
  32  3:08  Probe  
  32  3:09  Sentry  
  32  3:12  Sentry  
  37  3:21  Pylon, Probe  
  38  3:33  Probe  
  37  3:42  Twilight Council  
  37  3:45  Probe (Chrono Boost)  
  38  3:52  Shield Battery  
  38  3:53  Stalker  
  38  3:54  Sentry  
  42  3:57  Probe (Chrono Boost)  
  43  4:06  Probe (Chrono Boost)  
  44  4:14  Probe (Chrono Boost)  
  45  4:17  Stalker x2  
  49  4:24  Shield Battery  
  49  4:27  Probe (Chrono Boost)  
  49  4:29  Probe (Chrono Boost)  
  49  4:30  Blink (Chrono Boost)  
  51  4:35  Probe (Chrono Boost)  
  52  4:39  Probe  
  53  4:46  Probe  
  53  4:48  Shield Battery  
  53  4:51  Probe  
  53  4:58  Probe  
  54  5:03  Forge, Probe  
  55  5:10  Stalker x2  
  55  5:11  Probe  
  60  5:15  Pylon, Probe  
  60  5:16  Assimilator  
  61  5:23  Probe  
  61  5:26  Shield Battery  
  62  5:33  Probe  
  62  5:35  Nexus, Probe  
  64  5:37  Protoss Ground Weapons Level 1 (Chrono Boost)  
  64  5:45  Pylon, Probe  
  64  5:48  Probe  
  66  5:53  Stalker x2  
  70  6:00  Pylon  
  70  6:03  Probe  
  71  6:04  Pylon  
  71  6:06  Robotics Facility, Probe  
  72  6:15  Probe  
  72  6:18  Probe  
  72  6:27  Probe  
  72  6:28  Stalker x2  
  72  6:30  Probe (Chrono Boost)  
  78  6:39  Probe (Chrono Boost)  
  79  6:42  Probe (Chrono Boost)  
  79  6:43  Gateway  
  79  6:44  Gateway x2  
  79  6:45  Shield Battery  
  80  6:48  Probe (Chrono Boost)  
  80  6:49  Charge  
  80  6:50  Probe (Chrono Boost)  
  80  6:51  Probe (Chrono Boost)  
  80  6:53  Observer, Probe (Chrono Boost)  
  84  6:59  Probe  
  86  7:03  Gateway  
  86  7:05  Gateway x2  
  86  7:06  Probe  
  87  7:09  Assimilator  
  87  7:13  Pylon  
  87  7:15  Observer  
  88  7:18  Probe x2  
  88  7:22  Templar Archives  
  90  7:25  Pylon  
  90  7:33  Nexus  
  90  7:34  Pylon  
  90  7:36  Stalker x2  
  94  7:39  Pylon  
  94  7:50  Gateway x2  
  94  7:52  Pylon  
  94  7:53  Warp Prism (Chrono Boost)  
  96  8:03  Probe x2  
  99  8:06  Shield Battery  
  99  8:10  Stalker x3  
  104  8:21  Gateway  
  104  8:23  Gateway  
  104  8:26  Zealot x3  
  109  8:28  Zealot  
  109  8:30  Zealot  
  112  8:36  Zealot  
  99  8:41  Zealot  
  99  8:44  Zealot  
  83  8:50  Zealot x2  
  70  9:00  Zealot x3  
Show
View Real Time Build Order
Export as new Build Order

Hellraiser Protoss - Winner!

Build Orders:  

Get SALT Encoding   

  12  0:00  Probe  
  13  0:12  Probe  
  14  0:17  Pylon  
  14  0:24  Probe (Chrono Boost)  
  15  0:36  Probe (Chrono Boost)  
  15  0:38  Gateway  
  16  0:44  Probe (Chrono Boost)  
  16  0:46  Assimilator  
  17  0:50  Probe  
  17  0:55  Assimilator  
  18  1:03  Probe (Chrono Boost)  
  19  1:08  Gateway  
  19  1:13  Probe (Chrono Boost)  
  20  1:18  Probe (Chrono Boost)  
  21  1:26  Cybernetics Core  
  21  1:30  Probe  
  22  1:37  Pylon  
  22  1:42  Probe  
  23  1:55  Probe  
  24  2:02  Sentry, Stalker, Warp Gate  
  24  2:08  Probe  
  29  2:12  Pylon  
  29  2:20  Probe  
  30  2:30  Stalker  
  30  2:32  Sentry  
  34  2:40  Probe  
  35  2:52  Probe  
  35  2:54  Pylon  
  35  2:58  Stalker  
  35  3:00  Stalker  
  39  3:17  Nexus  
  39  3:21  Probe  
  40  3:33  Twilight Council  
  40  3:41  Probe (Chrono Boost)  
  39  3:52  Adept x2  
  39  3:54  Probe (Chrono Boost)  
  44  3:59  Probe (Chrono Boost)  
  45  4:06  Forge  
  45  4:08  Blink (Chrono Boost)  
  46  4:10  Probe (Chrono Boost)  
  46  4:19  Probe (Chrono Boost)  
  47  4:30  Sentry  
  47  4:31  Probe x2 (Chrono Boost)  
  53  4:38  Protoss Ground Weapons Level 1, Probe (Chrono Boost)  
  53  4:40  Probe (Chrono Boost)  
  53  4:43  Probe (Chrono Boost)  
  53  4:49  Probe  
  55  4:55  Probe  
  55  4:56  Robotics Facility  
  55  4:58  Shield Battery  
  56  5:01  Probe  
  57  5:08  Probe  
  57  5:13  Probe  
  59  5:16  Nexus  
  59  5:20  Pylon, Probe  
  60  5:25  Gateway, Probe  
  60  5:27  Gateway  
  61  5:32  Probe  
  62  5:36  Pylon  
  62  5:37  Pylon  
  62  5:42  Stalker x2  
  62  5:46  Observer (Chrono Boost)  
  62  5:49  Assimilator  
  65  5:59  Shield Battery  
  65  6:03  Probe  
  65  6:04  Immortal (Chrono Boost)  
  65  6:06  Stalker  
  65  6:08  Stalker  
  65  6:10  Probe  
  73  6:15  Probe  
  73  6:22  Probe  
  74  6:26  Stalker x2  
  74  6:28  Probe  
  79  6:33  Stalker x2  
  79  6:35  Probe  
  79  6:37  Resonating Glaives (Chrono Boost)  
  79  6:38  Probe  
  83  6:40  Probe  
  83  6:44  Protoss Ground Armor Level 1 (Chrono Boost)  
  85  6:48  Probe (Chrono Boost)  
  85  6:50  Probe (Chrono Boost)  
  87  6:56  Probe (Chrono Boost)  
  87  6:58  Shield Battery  
  87  7:01  Gateway  
  89  7:02  Gateway, Probe (Chrono Boost)  
  89  7:05  Probe (Chrono Boost)  
  89  7:07  Probe x2 (Chrono Boost)  
  90  7:10  Pylon  
  90  7:11  Stalker x2  
  90  7:14  Assimilator, Warp Prism  
  90  7:15  Stalker  
  99  7:24  Pylon  
  99  7:28  Photon Cannon  
  99  7:30  Gateway  
  99  7:34  Gateway  
  99  7:37  Stalker  
  99  7:42  Stalker  
  103  7:47  Stalker x2  
  107  7:55  Pylon  
  107  8:04  Nexus  
  107  8:06  Observer  
  108  8:13  Adept x4  
  108  8:14  Adept x2  
  108  8:17  Pylon  
  120  8:20  Probe  
  120  8:26  Probe  
  122  8:30  Pylon  
  116  8:45  Adept  
  116  8:46  Adept x7  
  119  8:48  Probe  
  119  8:50  Probe  

Tags
 
Add a new tag
Caveats
  • Supply blocks, unpowered buildings, or Contaminate may cause inaccurate times.
  • Supply counts are checked every 10 seconds.